 Dungeon Crawl Stone Soup version 0.30-a0-371-gad7725a93e (webtiles) character file.

Game seed: 17093392294647316112

28 purpskrrrp the Sneak (level 3, -6/22 HPs)
             Began as a Tengu Brigand on Nov 23, 2022.
             Was an Initiate of Gozag.
             Killed from afar by Sigmund (10 damage)
             ... with a puff of flame
             ... on level 2 of the Dungeon.
             The game lasted 00:01:47 (933 turns).

purpskrrrp the Sneak (Tengu Brigand)                 Turns: 933, Time: 00:01:47

Health: -6/22      AC:  3    Str: 11    XL:     3   Next: 14%
Magic:  4/4        EV: 12    Int: 11    God:    Gozag
Gold:   62         SH:  0    Dex: 17    Spells: 2/2 levels left

rFire   . . .      SeeInvis .    m - +2 short sword (freeze)
rCold   . . .      Faith    .    (no shield)
rNeg    . . .      Spirit   .    b - +0 robe
rPois   .          Reflect  .    (helmet restricted)
rElec   .          Harm     .    c - +0 cloak
rCorr   .          Rampage  .    (no gloves)
Will    .....                    (boots unavailable)
Stlth   +.........               (no amulet)
HPRegen 0.23/turn                (no ring)
MPRegen 0.09/turn                (no ring)

@: confused, attractive
A: beak, talons 3
a: Renounce Religion, Potion Petition, Call Merchant, Bribe Branch


You were on level 2 of the Dungeon.
You worshipped Gozag.
Gozag was noncommittal.
You visited 1 branch of the dungeon, and saw 2 of its levels.

You collected 62 gold pieces.

Inventory:

Hand Weapons
 a - a +2 dagger
 m - a +2 short sword of freezing (weapon)
Missiles
 d - 9 poisoned darts
 e - 3 curare-tipped darts
Armour
 b - a +0 robe (worn)
 c - a +0 cloak (worn)
Jewellery
 f - a +6 ring of strength
 o - a ring of ice
Scrolls
 g - a scroll of enchant weapon {unknown}
 h - a scroll of identify {unknown}
 i - a scroll of magic mapping {unknown}
Potions
 j - a potion of attraction
 k - a potion of mutation {unknown}
 l - a potion of flight {unknown}
 n - a potion of degeneration {unknown}


   Skills:
 + Level 2.3 Fighting
 + Level 2.6 Short Blades
 - Level 2.0 Throwing
 + Level 1.7 Dodging
 * Level 4.4 Stealth


You had 2 spell levels left.
You didn't know any spells.
Your spell library was empty.

Dungeon Overview and Level Annotations

Branches:
Dungeon (2/15)

Altars:
Gozag

Annotations:
D:2 Sigmund


Innate Abilities, Weirdness & Mutations

You have a beak for a mouth.
You have claws for feet.


Message History

You are too injured to fight recklessly!
You are too injured to fight recklessly!
You are too injured to fight recklessly!
You are too injured to fight recklessly!
You are too injured to fight recklessly!
You are too injured to fight recklessly!
You are too injured to fight recklessly!
You are too injured to fight recklessly!
You are too injured to fight recklessly!
You barely miss Sigmund. You claw Sigmund, but do no damage.
Sigmund is severely wounded.
Sigmund closely misses you.
You completely miss Sigmund.
Sigmund is severely wounded.
Sigmund hits you with a +0 scythe.
* * * LOW HITPOINT WARNING * * *
It was a potion of attraction.
You feel attractive to monsters. The rat bites you but does no damage.
The dart slug is attracted toward you.
You barely miss Sigmund.
Sigmund is severely wounded.
Sigmund gestures at you while chanting.
You are confused.
The rat barely misses you. The dart slug closely misses you.
The rat attacks as you move away! The rat bites you.
* * * LOW HITPOINT WARNING * * *
Sigmund misses you. The dart slug launches a dart at you.
The slug dart hits you.
* * * LOW HITPOINT WARNING * * *
You hit Sigmund. You freeze Sigmund. Your kick misses Sigmund.
Sigmund is almost dead.
The rat bites you.
* * * LOW HITPOINT WARNING * * *
You hit Sigmund but do no damage.
Sigmund is almost dead.
Sigmund points at you and mumbles some strange words.
The puff of flame hits you!
You die...
Your body crumbles into a pile of gold.

#######.###.####...........#..##
#.# #....#.##.##.....##... #.#
####.#.##.###...###.## #.#
#.#.##.# ##### #.# #.# #.#.##.
#.## #.# #.#.# .... #.######.#.#
. #.## #.....(.rw§##.... #.#
.######@@...!... #.# #######...
#.#


You could see Sigmund, a dart slug and a rat.

Vanquished Creatures
  4 ball pythons
  4 goblins
  5 hobgoblins (D:1)
  3 jackals (D:1)
  A quokka (D:1)
  3 bats
  A frilled lizard (D:1)
  A kobold (D:1)
  3 rats (D:1)
25 creatures vanquished.

Notes
Turn   | Place    | Note
-------+----------+-------------------------------------------
     0 | D:1      | purpskrrrp the Tengu Brigand began the quest for the Orb.
     0 | D:1      | Reached XP level 1. HP: 12/12 MP: 2/2
   157 | D:1      | Reached XP level 2. HP: 17/17 MP: 3/3
   461 | D:1      | Found a faded altar of an unknown god.
   625 | D:1      | Reached XP level 3. HP: 22/22 MP: 4/4
   641 | D:1      | Prayed at the altar of an unknown god.
   641 | D:1      | Became a worshipper of Gozag Ym Sagoz the Greedy
   916 | D:2      | Noticed Sigmund
   933 | D:2      | Killed from afar by Sigmund

Illustrated notes

Levels and vault maps discovered:
D:1:      minmay_arrival_stair_chambers, layout_loops_ring,
          chequers_ecumenical_altar_simple_redux
D:2:      layout_loops_ring, uniq_sigmund

Action                   || total
-------------------------++-------
Melee: Dagger            ||    19
       Peck              ||     4
       Kick              ||    12
       Short sword       ||    37
Throw: Dart              ||     3
  Use: Potion            ||     1
 Stab: Sleeping          ||     6
Armor: Robe              ||    12
Dodge: Dodged            ||    34

Table legend: (Time is in decaauts)
 A = Elapsed time spent in this place.
 B = Non-inter-level travel time spent in this place.
 C = Inter-level travel time spent in this place.
 D = Time resting spent in this place.
 E = Time spent auto-exploring this place.
 F = Levels seen in this place.
 G = Mean time per level.
                   A        B        C        D        E       F      G
               +--------+--------+--------+--------+--------+-----+--------+
         Total |    925 |    871 |     54 |      0 |    704 |   2 |  462.5 |
       Dungeon |    925 |    871 |     54 |      0 |    704 |   2 |  462.5 |
               +--------+--------+--------+--------+--------+-----+--------+

Top non-repeatable levels by time:
     D:1: 815 daAuts
     D:2: 110 daAuts
